 Dungeon Crawl Stone Soup version 0.26-a0-651-gb41185065b (webtiles) character file.

Game seed: 9226011575964801607

569 Azzok the Insei (level 7, 48/48 HPs)
             Began as a Demonspawn Transmuter on Oct 29, 2020.
             Quit the game on level 4 of the Dungeon.
             The game lasted 00:04:32 (3897 turns).

Azzok the Insei (Demonspawn Transmuter)             Turns: 3897, Time: 00:04:32

Health: 48/48      AC:  2    Str: 11    XL:     7   Next: 11%
Magic:  6/10       EV: 19    Int: 16    God:
Gold:   154        SH:  0    Dex: 18    Spells: 6/10 levels left

rFire    . . .     SeeInvis .     - Unarmed
rCold    . . .     Faith    .   (shield currently unavailable)
rNeg     . . .     Spirit   .   (armour currently unavailable)
rPois    x         Reflect  .   (helmet currently unavailable)
rElec    .         Harm     .   (cloak currently unavailable)
rCorr    .         Rampage  .   (gloves currently unavailable)
MR       .....                  (boots currently unavailable)
Stlth    +++.......             (no amulet)
HPRegen  0.16/turn              h - ring of stealth
MPRegen  0.12/turn              (no ring)

@: spider-form
A: tiny
a: End Transformation


You were on level 4 of the Dungeon.
You were a venomous arachnid creature.
You visited 1 branch of the dungeon, and saw 4 of its levels.

You collected 154 gold pieces.

Inventory:

Armour
 a - a +0 robe (melded)
 q - a +0 plate armour
Jewellery
 h - a ring of stealth (left front leg)
 o - an uncursed amulet of faith
Scrolls
 b - 3 scrolls of teleportation {unknown}
 c - 4 scrolls of identify {unknown}
 g - a scroll of noise {unknown}
 j - a scroll of immolation {unknown}
 l - a scroll of amnesia {unknown}
 n - a scroll of magic mapping {unknown}
Potions
 d - 3 potions of flight {unknown}
 e - 2 potions of mutation {unknown}
 f - 2 potions of stabbing {unknown}
 i - a potion of brilliance {unknown}
 k - 2 potions of curing {unknown}
 m - a potion of cancellation {unknown}


   Skills:
 - Level 1.0 Fighting
 - Level 1.7 Dodging
 + Level 5.6 Unarmed Combat
 - Level 2.0 Spellcasting
 + Level 5.2 Transmutations


You had 6 spell levels left.
You knew the following spells:

 Your Spells              Type           Power        Failure   Level
a - Beastly Appendage     Tmut           ###...       10%         1
b - Spider Form           Tmut/Pois      #.........   43%         3

Your spell library contained the following spells:

 Spells                   Type           Power        Failure   Level
 Wereblood                Tmut           ###.....     12%         2
 Ice Form                 Ice/Tmut       #.......     77%         4
 Blade Hands              Tmut           ###.......   77%         5


Dungeon Overview and Level Annotations

Branches:
Dungeon (4/15)
 Temple: D:4-7

Altars:
Ashenzari
Makhleb


Innate Abilities, Weirdness & Mutations

((You have sharp toenails.))
((You are partially covered in thin metallic scales. (AC +2)))
((Your flesh is heat resistant. (rF+)))
((You are partially covered in sharp spines.))


Message History

The ogre is moderately wounded.
The ogre misses you.
You hit the ogre.
The ogre is poisoned.
The ogre is heavily wounded.
The ogre misses you.
You hit the ogre.
The ogre looks as sick as possible!
The ogre is heavily wounded.
You hit the ogre.
The ogre looks as sick as possible!
The ogre is severely wounded.
The ogre misses you.
You barely miss the ogre.
The ogre is almost dead.
You kill the ogre!
Your Transmutations skill increases to level 5!
You have reached level 7!
Your demonic ancestry asserts itself...
You feel resistant to heat.
Quiver which item? (- for none, * to show all) (? for menu, Esc to quit)
Okay, then.
Are you sure you want to abandon this character and quit the game? (Confirm with "yes".)

·? ···· ·····
·····▒▒ ▒▒▒
·······▒▒▒▒ ···
▒·÷··▒▒ ▒▒▒·▒
▒·▒▒··▒▒▒···▒
▒··▒▒····[▒
▒····▒▒▒s·▒
▒·▒·▒▒·▒▒▒)·▒
··········▒÷·▒▒▒▒▒▒▒
···▒··············(▒
▒▒····▒▒▒·▒···▒▒▒▒▒·
▒···· ▒·▒·····▒
▒···▒ ▒·▒··▒▒·▒
▒▒················
▒··▒▒··········▒▒


There were no monsters in sight!

Vanquished Creatures
  Eustachio (D:4)
  An ogre (D:4)
  A howler monkey (D:3)
  A crimson imp (D:2)
  An orc wizard (D:3)
  An iguana (D:4)
  A worker ant (D:3)
  12 adders
  2 oozes
  A worm (D:3)
  2 leopard geckos
  9 orcs
  4 bats
  7 goblins
  9 hobgoblins
  4 jackals (D:2)
  5 kobolds
  A quokka (D:3)
  6 frilled lizards
  A quokka skeleton (D:4)
  12 rats
82 creatures vanquished.

Notes
Turn   | Place    | Note
-------+----------+-------------------------------------------
     0 | D:1      | Azzok the Demonspawn Transmuter began the quest for the
                  | Orb.
     0 | D:1      | Reached XP level 1. HP: 15/15 MP: 3/3
     2 | D:1      | Noticed a centaur
     2 | D:1      | Noticed a merfolk
     4 | D:1      | Noticed an octopode
     4 | D:1      | Noticed a vampire
     6 | D:1      | Noticed a dwarf
     6 | D:1      | Noticed a troll
     8 | D:1      | Noticed a vine stalker
     8 | D:1      | Noticed a demigod
    10 | D:1      | Noticed a naga
    12 | D:1      | Noticed a formicid
    12 | D:1      | Noticed an elf
    14 | D:1      | Noticed a human
    16 | D:1      | Noticed a tengu
    16 | D:1      | Noticed an ogre
    19 | D:1      | Noticed a minotaur
    21 | D:1      | Noticed a ghoul
    23 | D:1      | Noticed a gargoyle
    23 | D:1      | Noticed a felid
    25 | D:1      | Noticed a demonspawn
    25 | D:1      | Noticed a spriggan
    27 | D:1      | Noticed a draconian
    27 | D:1      | Noticed a halfling
   381 | D:1      | Gained mutation: You have sharp toenails. [demonic
                  | ancestry]
   381 | D:1      | Reached XP level 2. HP: 21/21 MP: 5/5
  1190 | D:2      | Gained mutation: You are partially covered in sharp spines.
                  | [demonic ancestry]
  1190 | D:2      | Reached XP level 3. HP: 14/26 MP: 3/6
  1658 | D:2      | Reached XP level 4. HP: 25/32 MP: 7/7
  2032 | D:2      | Found a broken altar of Ashenzari.
  2236 | D:2      | Found a burning altar of Makhleb.
  2382 | D:2      | Gained mutation: You are partially covered in thin metallic
                  | scales. (AC +2) [demonic ancestry]
  2382 | D:2      | Reached XP level 5. HP: 29/37 MP: 6/8
  3396 | D:4      | Noticed Eustachio
  3430 | D:4      | Noticed an ogre
  3438 | D:3      | Reached XP level 6. HP: 32/43 MP: 9/9
  3518 | D:3      | Learned a level 3 spell: Spider Form
  3637 | D:4      | Killed Eustachio
  3637 | D:4      | Reached skill level 5 in Unarmed Combat
  3896 | D:4      | Reached skill level 5 in Transmutations
  3896 | D:4      | Gained mutation: Your flesh is heat resistant. (rF+)
                  | [demonic ancestry]
  3896 | D:4      | Reached XP level 7. HP: 48/48 MP: 6/10
  3897 | D:4      | Quit the game

Illustrated notes

Levels and vault maps discovered:
D:1:      kb_arrival_jail, layout_loops_ring, feat_on_display
D:2:      layout_loops_ring, makhleb_grotto_becter, old_standard_altar,
          serial_park_tiny_pond, grunt_decor_mini_mirrors
D:3:      layout_rooms
D:4:      layout_rooms, grunt_temple_overflow_bloody_war, led_sif_book,
          uniq_grinder, uniq_eustachio

Skill      XL: |  1  2  3  4  5  6 |
---------------+-------------------+-----
Transmutations | 2 3 4 5 |  5.2
Unarmed Combat | 3 4 5 |  5.6
Fighting       | |  1.0
Dodging        | |  1.7
Spellcasting   | |  2.0

Action                   |  1- 3 |  4- 6 |  7- 9 || total
-------------------------+-------+-------+-------++-------
Melee: Unarmed           |    98 |   110 |       ||   208
       Kick              |    14 |    22 |       ||    36
       Headbutt          |     2 |     6 |       ||     8
       Punch             |       |     1 |       ||     1
 Cast: Beastly Appendage |     4 |    18 |       ||    22
       Spider Form       |       |     1 |       ||     1
 Stab: Sleeping          |       |     5 |       ||     5
Armor: Robe              |    12 |    14 |       ||    26
Dodge: Dodged            |    54 |    81 |       ||   135

Table legend: (Time is in decaauts)
 A = Elapsed time spent in this place.
 B = Non-inter-level travel time spent in this place.
 C = Inter-level travel time spent in this place.
 D = Time resting spent in this place.
 E = Time spent auto-exploring this place.
 F = Levels seen in this place.
 G = Mean time per level.
                   A        B        C        D        E       F      G
               +--------+--------+--------+--------+--------+-----+--------+
         Total |   3887 |   3853 |     34 |    823 |   2343 |   4 |  971.8 |
       Dungeon |   3887 |   3853 |     34 |    823 |   2343 |   4 |  971.8 |
               +--------+--------+--------+--------+--------+-----+--------+

Top non-repeatable levels by time:
     D:2: 1522 daAuts
     D:1: 1177 daAuts
     D:3: 1019 daAuts
     D:4: 168 daAuts
